 Dungeon Crawl Stone Soup version 0.18.1-50-g88ac8fd (webtiles) character file.

681 varam the Caller (level 7, -7/49 HPs)
             Began as a Merfolk Summoner on Oct 22, 2016.
             Mangled by a centaur (10 damage)
             ... on level 5 of the Dungeon.
             The game lasted 00:22:17 (6919 turns).

varam the Caller (Merfolk Summoner)                 Turns: 6919, Time: 00:22:19

Health: -7/49      AC:  4    Str:  9    XL:     7   Next: 61%
Magic:  0/13       EV: 13    Int: 16    God:
Gold:   216        SH:  0    Dex: 14    Spells: 3 memorised, 8 levels left

rFire  . . .     SeeInvis .     e - +0 spear
rCold  . . .     Gourm    .     a - +0 robe
rNeg   . . .     Faith    .     (no shield)
rPois  .         Spirit   .     k - +0 helmet
rElec  .         Dismiss  .     (no cloak)
rCorr  .         Reflect  .     (no gloves)
SustAt .         Harm     .     m - +0 pair of boots
MR     .....                    (no amulet)
Stlth  ++........               (no ring)
                                (no ring)

@: not resistant to hostile enchantments, unstealthy
A: change form in water, swift swim
a: no special abilities


You were on level 5 of the Dungeon.
You were not hungry.

You visited 1 branch of the dungeon, and saw 5 of its levels.

You collected 216 gold pieces.

Inventory:

Hand Weapons
 e - a +0 spear (weapon)
 t - a +0 dagger of venom
Armour
 a - a +0 robe (worn)
 k - a +0 helmet (worn)
 m - a +0 pair of boots (worn)
Jewellery
 j - an uncursed amulet of magic regeneration {unknown}
Scrolls
 d - 3 scrolls of enchant weapon {unknown}
 f - 8 scrolls of identify {unknown}
 g - 3 scrolls of enchant armour {unknown}
 h - a scroll of fog {unknown}
 n - 2 scrolls of immolation {unknown}
 s - a scroll of teleportation {unknown}
 u - a scroll of amnesia {unknown}
 w - a scroll of magic mapping {unknown}
 x - 2 scrolls of fear {unknown}
Potions
 c - a potion of invisibility {unknown}
 l - a potion of magic {unknown}
 o - a potion of agility {unknown}
 p - a potion of might {unknown}
 q - a potion of experience {unknown}
 r - a potion of degeneration {unknown}
 v - a potion of curing {unknown}
 B - 2 potions of mutation {unknown}
Books
 b - a book of Callings

   Spells                             Type                      Level
   a - Summon Small Mammal            Summoning                    1
   b - Call Imp                       Summoning                    2
   c - Call Canine Familiar           Summoning                    3
   d - Summon Guardian Golem          Hexes/Summoning              3
   e - Summon Lightning Spire         Summoning/Air                4
   f - Summon Ice Beast               Ice/Summoning                4
 y - a book of Summonings

   Spells                             Type                      Level
   a - Recall                         Summoning/Translocation      3
   b - Aura of Abjuration             Summoning                    5
   c - Summon Demon                   Summoning                    5
   d - Summon Forest                  Summoning/Translocation      5
   e - Summon Mana Viper              Hexes/Summoning              5
   f - Shadow Creatures               Summoning                    6
 z - a book of Flames

   Spells                             Type                      Level
   a - Flame Tongue                   Conjuration/Fire             1
   b - Throw Flame                    Conjuration/Fire             2
   c - Conjure Flame                  Conjuration/Fire             3
   d - Inner Flame                    Hexes/Fire                   3
   e - Sticky Flame                   Conjuration/Fire             4
   f - Fireball                       Conjuration/Fire             5
Comestibles
 i - 2 meat rations
 A - 2 bread rations
 C - a chunk of flesh


   Skills:
 - Level 1.9 Fighting
 - Level 2.3 Polearms
 - Level 2.6 Dodging
 - Level 2.1 Stealth
 + Level 4.4 Spellcasting
 * Level 7.3 Summonings


You had 8 spell levels left.
You knew the following spells:

 Your Spells              Type           Power        Failure   Level  Hunger
a - Call Imp              Summ           ####....     1%          2    ##.....
b - Summon Small Mammal   Summ           ####         1%          1    None
c - Call Canine Familiar  Summ           ####....     2%          3    ###....


Dungeon Overview and Level Annotations

Branches:
Dungeon (5/15)
 Temple: D:4-7

Altars:
Cheibriados
Qazlal
Ru
Yredelemnul

Shops:
D:5 (

Annotations:
D:3 1 runed door


Message History

Attack whom?
Press: ? - help, Dir - move target cursor, f/p - centaur
Aim: a centaur (heavily wounded)
You hit the centaur but do no damage.
The centaur is heavily wounded.
The centaur hits you.
* * * LOW HITPOINT WARNING * * *
Your hound closely misses the hound.
The hound bites your hound.
Your quokka closely misses the hound.
Your hound barely misses the hound.
The centaur hits you.
* * * LOW HITPOINT WARNING * * *
Casting: Call Canine Familiar
Confirm with . or Enter, or press ? or * to list all spells.
Your hound disappears in a puff of smoke!
The centaur misses you. The hound bites you but does no damage.
Your quokka closely misses the centaur.
The centaur hits you but does no damage.
The hound closely misses you.
Your hound barely misses the hound.
Your quokka barely misses the centaur.
The centaur hits you!
You die...

#..............
#..............
#..............
..+..............
.................
##+#.....########
#....<#..(.#
#.....#.h.(#
#.....#((h@#
#.....#(rc.#
#.....#(#########
.........(.......#
........h.........#
....8..∩..8.......#
................#
................#
.c..............#


You could see a centaur, a hound, a friendly hound and a friendly quokka.

Vanquished Creatures
  The ghost of Vatticson the Basher, a novice MiBe of Trog (D:4)
  A hound (D:4)
  2 adders
  2 worms
  4 dart slugs
  A giant gecko (D:3)
  7 orcs
  9 giant cockroaches
  8 goblins
  8 hobgoblins
  6 jackals
  2 quokkas
  4 bats
  3 giant newts
  9 kobolds
  A kobold zombie (D:3)
  8 rats
76 creatures vanquished.

Vanquished Creatures (collateral kills)
  An ogre (D:4)
  2 scorpions
  2 hounds (D:4)
  A human zombie (D:3)
  3 orc wizards
  A howler monkey skeleton (D:4)
  An adder (D:2)
  3 gnolls
  2 worms (D:2)
  11 orcs
  A ball python (D:4)
  A giant cockroach (D:1)
  A hobgoblin (D:2)
  2 jackals (D:2)
  A rat (D:2)
33 creatures vanquished.

Vanquished Creatures (others)
  An orc (D:3)
1 creature vanquished.

Grand Total: 110 creatures vanquished

Notes
Turn   | Place    | Note
--------------------------------------------------------------
     0 | D:1      | varam the Merfolk Summoner began the quest for the Orb.
     0 | D:1      | Reached XP level 1. HP: 13/13 MP: 3/3
   229 | D:1      | Reached XP level 2. HP: 13/19 MP: 3/5
   681 | D:1      | Reached skill level 1 in Polearms
  1046 | D:1      | Reached XP level 3. HP: 13/25 MP: 6/6
  1050 | D:1      | Learned a level 2 spell: Call Imp
  2066 | D:2      | Found a stormy altar of Qazlal.
  2101 | D:2      | Found a sacrificial altar of Ru.
  2108 | D:2      | Reached skill level 1 in Fighting
  2122 | D:2      | Reached XP level 4. HP: 24/32 MP: 4/8
  3126 | D:3      | Reached skill level 5 in Summonings
  3126 | D:3      | Reached XP level 5. HP: 21/37 MP: 7/9
  3745 | D:3      | Noticed a human
  3746 | D:3      | Found a runed door.
  3750 | D:3      | Found a basalt altar of Yredelemnul.
  3776 | D:3      | Found a faded altar to an unknown god.
  4312 | D:4      | Noticed an ogre
  4474 | D:4      | Noticed Vatticson's ghost (novice MiBe)
  4602 | D:4      | Learned a level 3 spell: Call Canine Familiar
  5252 | D:3      | Reached XP level 6. HP: 44/44 MP: 2/11
  5434 | D:5      | Entered Level 5 of the Dungeon
  5434 | D:5      | Found Paestridd's Weapon Boutique.
  5976 | D:4      | Reached skill level 6 in Summonings
  6321 | D:4      | Found a snail-covered altar of Cheibriados.
  6346 | D:4      | Killed Vatticson's ghost
  6346 | D:4      | Reached skill level 7 in Summonings
  6346 | D:4      | Reached XP level 7. HP: 15/49 MP: 5/13
  6919 | D:5      | Mangled by a centaur

Skill      XL: |  1  2  3  4  5  6 |
---------------+-------------------+-----
Polearms       | 1 2 |  2.3
Fighting       | 1 |  1.9
Summonings     | 5 7 |  7.3
Spellcasting   | 3 4 |  4.4
Dodging        | |  2.6
Stealth        | |  2.1

Action                   |  1- 3 |  4- 6 |  7- 9 || total
-------------------------+-------+-------+-------++-------
Melee: Spear             |   152 |   280 |    16 ||   448
       Dagger            |       |     7 |       ||     7
 Cast: Summon Small Mamm |     6 |     2 |     2 ||    10
       Call Imp          |     3 |    37 |     6 ||    46
       Call Canine Famil |       |    11 |     3 ||    14
 Stab: Sleeping          |     8 |     7 |     2 ||    17
       Distracted        |       |     2 |     1 ||     3
  Eat: Chunk             |     4 |     6 |       ||    10
       Bread ration      |       |     2 |       ||     2
       Beef jerky        |       |     1 |       ||     1
       Meat ration       |       |       |     1 ||     1
Armor: Robe              |    21 |    51 |     3 ||    75
Dodge: Dodged            |    72 |   186 |     7 ||   265
